 Dungeon Crawl Stone Soup version 0.23-a0-143-g1adec7b (webtiles) character file.

2 Amnesiac the Caller (level 1, 0/13 HPs)
             Began as a Mummy Wanderer on Sept 3, 2018.
             Slain by a bat (1 damage)
             ... on level 2 of the Dungeon.
             The game lasted 00:00:42 (74 turns).

Amnesiac the Caller (Mummy Wanderer)                  Turns: 74, Time: 00:00:43

Health: 0/13       AC:  2    Str: 13    XL:     1   Next: 25%
Magic:  1/4        EV: 10    Int: 11    God:
Gold:   0          SH:  4    Dex: 13    Spells: 4/5 levels left

rFire    x . .     SeeInvis .   d - +0 club
rCold    + . .     Gourm    .   b - +0 buckler
rNeg     + + +     Faith    .   c - +0 robe
rPois    ∞         Spirit   .   (no helmet)
rElec    .         Reflect  .   (no cloak)
rCorr    .         Harm     .   (no gloves)
MR       .....                  (no boots)
Stlth    +.........             (no amulet)
HPRegen  0.04/turn              (no ring)
MPRegen  0.09/turn              (no ring)

@: very slightly contaminated
A: no food or potions, fire vulnerability, cold resistance 1, negative energy
resistance 3, torment resistance, unbreathing
a: no special abilities


You were on level 2 of the Dungeon.
You were not hungry.

You visited 1 branch of the dungeon, and saw 2 of its levels.

Inventory:

Hand Weapons
 d - a +0 club (weapon)
Missiles
 e - 9 stones (quivered)
Armour
 b - a +0 buckler (worn)
 c - a +0 robe (worn)
Scrolls
 a - a scroll of noise {!r, unknown}


   Skills:
 - Level 1.0 Throwing
 - Level 1.0 Shields
 - Level 2.6 Spellcasting
   Level 3.2 Summonings
   Level 1.0 Translocations
 + Level 1.2 Earth Magic


You had 4 spell levels left.
You knew the following spells:

 Your Spells              Type           Power        Failure   Level  Hunger
a - Sandblast             Erth           #.....       24%         1    N/A

Your spell library contained the following spells:

 Spells                   Type           Power        Failure   Level  Hunger
 Passwall                 Tmut/Erth      #.......     43%         2    N/A
 Stone Arrow              Conj/Erth      #.....       67%         3    N/A
 Petrify                  Tmut/Erth      #.......     97%         4    N/A
 Lee's Rapid Deconstruct  Erth           #.........   100%        5    N/A

Dungeon Overview and Level Annotations

Branches:
Dungeon (1/15)

Altars:


Innate Abilities, Weirdness & Mutations

You do not eat or drink.
Your flesh is vulnerable to fire.
You are immune to poison.
Your flesh is cold resistant. (rC+)
You are immune to negative energy. (rN+++)
You are immune to unholy pain and torment.
You can survive without breathing.


Message History

Aim: a worm (resting)
You don't have any stones to cast with.
The helpless worm fails to defend itself.
You hit the worm.
The worm is lightly wounded.
Found a scroll labeled QILUWA EDIFUOCVEM.
Found 11 gold pieces.
Found 13 gold pieces.
There are no items here.
You see here a scroll labeled QILUWA EDIFUOCVEM {!r}.
a - a scroll labeled QILUWA EDIFUOCVEM {!r} A kobold comes into view.
It is wielding a dagger.
A leopard gecko comes into view.
The leopard gecko hisses angrily.
The kobold shouts!
The leopard gecko bites you.
Found 11 stones.
You miss the leopard gecko. The leopard gecko bites you. x2
A kobold comes into view. It is wielding a short sword.
The kobold shouts!
The kobold throws a stone.
The stone hits you.
You see here a stone.
The leopard gecko closely misses you.
You see here 11 stones.
e - 11 stones The leopard gecko bites you.
* * * LOW HITPOINT WARNING * * *
The leopard gecko barely misses you.
A bat and a kobold come into view.
The kobold shouts!
The bat hits you but does no damage.
The kobold throws a stone.
The stone closely misses you. You block the bat's attack.
Found 2 scrolls labeled POSOGG DIECA.
The leopard gecko bites you but does no damage.
Casting: Sandblast (safe; 26% risk of failure)
Confirm with . or Enter, or press ? or * to list all spells.
Aiming: Sandblast (safe; 26% risk of failure)
Press: ? - help, Shift-Dir - straight line, f - leopard gecko
Aim: a leopard gecko (clinging)
The blast of sand hits the leopard gecko.
The leopard gecko is severely wounded.
e - 10 stones You block the leopard gecko's attack.
Casting: Sandblast (safe; 26% risk of failure)
Confirm with . or Enter, or press ? or * to list all spells.
Aiming: Sandblast (safe; 26% risk of failure)
Press: ? - help, Shift-Dir - straight line, f/p - leopard gecko
Aim: a leopard gecko (severely wounded, clinging)
You miscast Sandblast.
You are very lightly contaminated with residual magic.
You feel gritty. The leopard gecko bites you.
* * * LOW HITPOINT WARNING * * *
Casting: Sandblast (safe; 26% risk of failure)
Confirm with . or Enter, or press ? or * to list all spells.
Aiming: Sandblast (safe; 26% risk of failure)
Press: ? - help, Shift-Dir - straight line, f/p - leopard gecko
Aim: a leopard gecko (severely wounded, clinging)
The blast of sand hits the leopard gecko.
You kill the leopard gecko!
e - 9 stones The bat hits you.
* * * LOW HITPOINT WARNING * * *
The bat hits you.
You die...

########
############......
..$..........K...
#...............
....... ......
..#..#.## #..#####
..##....# ##K.b@.#
...###..####.rK##.#
.#..###........#
..?
..............(#
####
###.###.##.#...#
.....##(##.#....#
.......K...#......
.....#.............
.##........###.....


You could see a bat, 2 kobolds and a rat.

Vanquished Creatures
  A leopard gecko (D:2)
1 creature vanquished.

Notes
Turn   | Place    | Note
-------+----------+-------------------------------------------
     0 | D:1      | Amnesiac the Mummy Wanderer began the quest for the Orb.
     0 | D:1      | Amnesiac set off with: a +0 buckler, a +0 robe, a +0 club
     0 | D:1      | Reached XP level 1. HP: 13/13 MP: 4/4
     2 | D:1      | Learned a level 1 spell: Sandblast
    39 | D:1      | You fall through a shaft!
    74 | D:2      | Slain by a bat

Vault maps used:
D:1:      dpeg_arrival_simpleton_b, grunt_decor_fettered,
          okawaru_ov_weapons_minmay

Action                   || total
-------------------------++-------
Melee: Club              ||     2
 Cast: Sandblast         ||     2
 Stab: Sleeping          ||     1
Armor: Robe              ||     2
Dodge: Dodged            ||     3
Block: Buckler           ||     2

Table legend:
 A = Non-vault XP
 B = Vault XP
 C = Vault XP percentage of total XP
 D = Non-vault monster count
 E = Vault monster count
 F = Vault count percentage of total count
                 A         B        C        D         E       F
            +---------+---------+-------+---------+---------+-------
      Total |       3 |       0 |   0.0 |       1 |       0 |   0.0
            +---------+---------+-------+---------+---------+-------
        D:2 |       3 |       0 |   0.0 |       1 |       0 |   0.0
            +---------+---------+-------+---------+---------+-------
